 Dungeon Crawl Stone Soup version 0.29.0-11-gd7f09526c8 (webtiles) character file.

Game seed: 10273354546768170534

999 blackman the Fighter (level 8, 71/71 HPs)
             Began as a Demonspawn Artificer on Sept 5, 2022.
             Quit the game on level 5 of the Dungeon.
             The game lasted 00:07:49 (6597 turns).

blackman the Fighter (Demonspawn Artificer)         Turns: 6597, Time: 00:07:49

Health: 71/71      AC:  9    Str: 15    XL:     8   Next: 0%
Magic:  8/8        EV: 16    Int: 13    God:
Gold:   311        SH:  0    Dex: 13    Spells: 7/7 levels left

rFire   . . .      SeeInvis .   F - +0 battleaxe
rCold   . . .      Faith    .   (shield currently unavailable)
rNeg    . . .      Spirit   .   j - +1 ring mail {Will+}
rPois   .          Reflect  .   p - +0 helmet
rElec   .          Harm     .   (no cloak)
rCorr   .          Rampage  .   u - +0 pair of gloves
Will    +....                   h - +0 pair of boots
Stlth   +.........              E - amulet of magic regeneration
HPRegen 0.21/turn               G - +4 ring of evasion
MPRegen 0.62/turn               (no ring)

@: no status effects
A: repulsion field 1, ignite blood 1, magic regeneration
a: no special abilities


You were on level 5 of the Dungeon.
You visited 1 branch of the dungeon, and saw 5 of its levels.

You collected 311 gold pieces.

Inventory:

Hand Weapons
 a - a +0 club
 f - a +0 short sword
 D - a +0 war axe
 F - a +0 battleaxe (weapon)
Missiles
 g - 7 silver boomerangs
 w - 6 poisoned darts
Armour
 h - a +0 pair of boots (worn)
 j - a +1 ring mail of willpower (worn)
 p - a +0 helmet (worn)
 u - a +0 pair of gloves (worn)
Jewellery
 E - an amulet of magic regeneration (around neck)
 G - a +4 ring of evasion (left hand)
Wands
 c - a wand of flame (3) (quivered)
 d - a wand of charming (15)
 e - a wand of iceblast (1)
 r - a wand of paralysis (1)
 y - a wand of digging (5)
Scrolls
 b - a scroll of enchant armour {unknown}
 i - 3 scrolls of identify {unknown}
 k - 2 scrolls of magic mapping {unknown}
 n - 4 scrolls of noise {unknown}
 o - 2 scrolls of brand weapon {unknown}
 x - a scroll of poison {unknown}
 I - a scroll of fear {unknown}
Potions
 l - 3 potions of flight {unknown}
 m - 2 potions of might {unknown}
 q - a potion of lignification {unknown}
 s - 3 potions of haste {unknown}
 t - 3 potions of brilliance {unknown}
 v - a potion of degeneration {unknown}
 z - 2 potions of invisibility {unknown}
 A - 2 potions of curing {unknown}
 B - 2 potions of cancellation {unknown}
 C - a potion of experience {unknown}
 H - a potion of resistance {unknown}


   Skills:
 * Level 9.3 Fighting
 - Level 1.7 Armour
 - Level 0.8 Dodging
 - Level 0.8 Stealth
 - Level 3.0 Evocations


You had 7 spell levels left.
You didn't know any spells.
Your spell library contained the following spells:

 Spells                   Type           Power      Damage    Failure   Level
 Blink                    Tloc           0%         N/A       65%         2
 Ensorcelled Hibernation  Hex/Ice        0%         N/A       65%         2
 Passwall                 Tmut/Erth      0%         N/A       65%         2
 Sublimation of Blood     Necr           0%         N/A       65%         2
 Wereblood                Tmut           0%         N/A       65%         2
 Lesser Beckoning         Tloc           0%         N/A       87%         3
 Swiftness                Air            0%         N/A       87%         3
 Manifold Assault         Tloc           0%         N/A       100%        5
 Summon Hydra             Summ           0%         N/A       100%        7


Dungeon Overview and Level Annotations

Branches:
Dungeon (5/15)
 Temple: D:4-7

Altars:
Kikubaaqudgha
Yredelemnul

Shops:
D:2 *((:


Innate Abilities, Weirdness & Mutations

You are surrounded by a mild repulsion field. (EV +2)
Your demonic aura sometimes causes spilled blood to erupt in flames.
You regenerate magic rapidly.


Message History

The necrophage is heavily damaged.
The necrophage barely misses you. x2
You completely miss the necrophage.
The necrophage is heavily damaged.
The necrophage closely misses you.
You barely miss the necrophage.
The necrophage is heavily damaged.
The necrophage misses you.
The necrophage hits you but does no damage.
You closely miss the necrophage.
The necrophage is moderately damaged.
The necrophage closely misses you. The necrophage misses you.
You completely miss the necrophage.
The necrophage is moderately damaged.
The necrophage hits you but does no damage.
You hit the necrophage.
The necrophage is heavily damaged.
The necrophage hits you. The necrophage misses you.
You slash the necrophage!
The necrophage is almost destroyed.
The necrophage closely misses you. The necrophage barely misses you.
You slash the necrophage!
You destroy the necrophage!
Your life force feels restored.
You have reached level 8!
You feel stronger.
Your demonic ancestry asserts itself...
Your magic begins to regenerate rapidly.
Unknown command.
Key pressed, stopping explore.
There is a stone staircase leading down here.
Key pressed, stopping explore.
Key pressed, stopping explore.
Key pressed, stopping explore.
I - a scroll labelled INOASOAMMETS Key pressed, stopping explore.
Key pressed, stopping explore.
Done exploring.
Welcome back, blackman the Demonspawn Artificer.
Press ? for a list of commands and other information.
Are you sure you want to abandon this character and quit the game? (Confirm with "yes".)

.#.....###.#############
#......................#
.#....).##...........#.#
.##......###########.#.#
.###.....# #.#.# .# #...P.#
#.#.# .###.....########
#.#>## ..............#.##
#....##
............#..#@###..#..#
...#.#......#.###.##.###.#
.........#.#..#.......#..##
...#.#.P.#.##..)..........#
.......P))..##...###.#.##.#
...#...P()...<.........##.#
...###.P....###.####.####.#
...# #...#.## #.# #.#
#.####### #### #...#.#
##.####.# #........


There were no monsters in sight!

Vanquished Creatures
  Sigmund (D:3)
  2 ogres (D:5)
  A phantom (D:5)
  A scorpion (D:5)
  A necrophage (D:5)
  A howler monkey (D:5)
  A jelly (D:4)
  A hound (D:5)
  An orc priest (D:5)
  An iguana (D:5)
  Natasha (D:3)
  3 orc wizards (D:5)
  4 gnolls
  8 adders
  A white imp (D:5)
  A worm (D:3)
  3 dart slugs
  13 orcs
  2 bat zombies (D:3)
  6 endoplasms
  A giant cockroach (D:3)
  3 goblins
  2 jackals (D:3)
  A quokka (D:1)
  6 ball pythons
  7 bats
  10 frilled lizards (D:1)
  3 kobolds
  7 rats
  A rat zombie (D:3)
94 creatures vanquished.

Vanquished Creatures (others)
  Natasha (D:3)
  4 fungi (D:5)
  9 plants (D:1)
14 creatures vanquished.

Grand Total: 108 creatures vanquished

Notes
Turn   | Place    | Note
-------+----------+-------------------------------------------
     0 | D:1      | blackman the Demonspawn Artificer began the quest for the
                  | Orb.
     0 | D:1      | Reached XP level 1. HP: 15/15 MP: 1/1
   493 | D:1      | Reached skill level 2 in Fighting
   498 | D:1      | Gained mutation: Your demonic aura sometimes causes spilled
                  | blood to erupt in flames. [demonic ancestry]
   498 | D:1      | Reached XP level 2. HP: 14/22 MP: 2/2
  1121 | D:1      | Reached skill level 3 in Fighting
  1171 | D:1      | Reached XP level 3. HP: 29/29 MP: 3/3
  1505 | D:2      | Found Zif Adue's Assorted Antiques.
  1532 | D:2      | Found Ixujarus's Weapon Shoppe.
  1717 | D:2      | Found a faded altar of an unknown god.
  1732 | D:2      | Found Boum's Book Shoppe.
  1867 | D:2      | Found Noubeb's Antique Weapon Shop.
  2271 | D:3      | Noticed Natasha
  2276 | D:3      | Killed Natasha
  2556 | D:3      | Reached skill level 4 in Fighting
  2556 | D:3      | Reached XP level 4. HP: 18/37 MP: 4/4
  3144 | D:3      | Noticed Natasha
  3157 | D:3      | Killed Natasha
  3608 | D:3      | Found an ancient bone altar of Kikubaaqudgha.
  3650 | D:3      | Noticed Sigmund
  3670 | D:3      | Killed Sigmund
  3671 | D:3      | Reached skill level 6 in Fighting
  3671 | D:3      | Gained mutation: You are surrounded by a mild repulsion
                  | field. (EV +2) [demonic ancestry]
  3671 | D:3      | Reached XP level 5. HP: 44/46 MP: 5/5
  3671 | D:3      | Reached XP level 6. HP: 50/52 MP: 6/6
  4994 | D:5      | Entered Level 5 of the Dungeon
  5014 | D:5      | Reached skill level 7 in Fighting
  5446 | D:5      | Reached XP level 7. HP: 55/60 MP: 7/7
  5712 | D:5      | Reached skill level 8 in Fighting
  6078 | D:5      | Found a basalt altar of Yredelemnul.
  6293 | D:5      | Reached skill level 9 in Fighting
  6493 | D:5      | Gained mutation: You regenerate magic rapidly. [demonic
                  | ancestry]
  6493 | D:5      | Reached XP level 8. HP: 64/71 MP: 8/8
  6597 | D:5      | Quit the game

Illustrated notes

Levels and vault maps discovered:
D:1:      lightli_arrival_windingriver, layout_rooms, serial_aquarium,
          aquarium_bridge_straight [aquarium_subvault_bridge,
          aquarium_subvault_wall, aquarium_subvault_bridge,
          aquarium_subvault_window], aquarium_bridge_square
          [aquarium_subvault_balcony, aquarium_subvault_bridge,
          aquarium_subvault_wall, aquarium_subvault_bridge], aquarium_window_1,
          aquarium_window_fake, aquarium_window_fake, aquarium_view_2c,
          aquarium_pool_five, minmay_lizard_king
D:2:      layout_rooms, dreamdust_ecumenical_altar_statues, serial_shops,
          shop_statue, shop, nicolae_shop_hallway_stairs, shop_fountains
D:3:      layout_basic, lemuel_zombie_altar_kikubaaqudgha, item_on_display_a,
          uniq_sigmund, uniq_natasha
D:4:      layout_cave_pods
D:5:      layout_loops_ring, mainiacjoe_overflow_boulevard

Skill      XL: |  1  2  3  4  5  6  7 |
---------------+----------------------+-----
Fighting       | 2 3 4 6 7 9 |  9.3
Armour         | |  1.7
Dodging        | |  0.8
Stealth        | |  0.8
Evocations     | |  3.0

Action                   |  1- 3 |  4- 6 |  7- 9 || total
-------------------------+-------+-------+-------++-------
Melee: Club              |    13 |       |       ||    13
       Short sword       |   156 |   163 |       ||   319
       Punch             |     1 |     2 |       ||     3
       War axe           |       |    10 |    46 ||    56
       Battleaxe         |       |       |    23 ||    23
Throw: Dart              |       |       |     7 ||     7
Evoke: Wand              |     4 |    12 |     1 ||    17
 Stab: Sleeping          |     1 |       |       ||     1
       Paralysed         |       |     9 |       ||     9
Armor: Leather armour    |    25 |       |       ||    25
       Ring mail         |    68 |    67 |    23 ||   158
Dodge: Dodged            |   121 |   108 |    70 ||   299
